 Dungeon Crawl Stone Soup version 0.16-a0-3211-g52b77fd (webtiles) character file.

220 Minkie the Firebug (level 5, -2/35 HPs)
             Began as a Mummy Fire Elementalist on Dec 21, 2014.
             Was an Initiate of Sif Muna.
             Slain by an iguana (15 damage)
             ... on level 3 of the Dungeon.
             The game lasted 00:12:12 (3494 turns).

Minkie the Firebug (Mummy Fire Elementalist)        Turns: 3494, Time: 00:12:12

Health: -2/35      AC:  3    Str: 11    XL:     5   Next: 64%
Magic:  4/9        EV: 12    Int: 15    God:    Sif Muna [......]
Gold:   278        SH:  0    Dex: 12    Spells: 2 memorised, 4 levels left

rFire  x . .     SeeInvis .     i - +0 short sword (vamp)
rCold  + . .     Clarity  .     a - +0 robe
rNeg   + + +     SustAb   .     (no shield)
rPois  ∞         Gourm    .     (no helmet)
rElec  .         Spirit   .     (no cloak)
rCorr  .         Warding  .     j - +0 pair of gloves
rMut   .         Stasis   .     (no boots)
MR     .....                    (no amulet)
Stlth  ++........               (no ring)
                                (no ring)

@: not resistant to hostile enchantments, unstealthy
A: no food or potions, fire vulnerability, restore body, cold resistance 1,
negative energy resistance 3, poison resistance, torment resistance, unbreathing
a: Renounce Religion


You were on level 3 of the Dungeon.
You worshipped Sif Muna.
Sif Muna was noncommittal.
You were not hungry.

You visited 1 branch of the dungeon, and saw 4 of its levels.

You collected 278 gold pieces.

Inventory:

Hand weapons
 i - a +0 vampiric short sword (weapon)
Missiles
 k - 4 steel javelins (quivered)
Armour
 a - a +0 robe (worn)
 j - a +0 pair of gloves (worn)
Jewellery
 l - an uncursed ring of wizardry {unknown}
 p - an uncursed ring of see invisible {unknown}
Scrolls
 c - 5 scrolls of identify {unknown}
 d - a scroll of enchant armour {unknown}
 e - 2 scrolls of immolation {unknown}
 f - 4 scrolls of remove curse {unknown}
 g - a scroll of magic mapping {unknown}
 h - 2 scrolls of teleportation {unknown}
 m - a scroll of noise {unknown}
 n - a scroll of enchant weapon {unknown}
 o - a scroll of blinking {unknown}
Books
 b - a book of Flames

   Spells                             Type                      Level
   a - Flame Tongue                   Conjuration/Fire             1
   b - Throw Flame                    Conjuration/Fire             2
   c - Conjure Flame                  Conjuration/Fire             3
   d - Inner Flame                    Hexes/Fire                   3
   e - Sticky Flame                   Conjuration/Fire             4
   f - Fireball                       Conjuration/Fire             5


   Skills:
 - Level 1.5 Dodging
 - Level 1.5 Stealth
 - Level 2.0 Spellcasting
 + Level 3.3 Conjurations
 + Level 4.1 Fire Magic


You had 4 spell levels left.
You knew the following spells:

 Your Spells              Type           Power        Failure   Level  Hunger
a - Flame Tongue          Conj/Fire      ##...        6%          1    N/A
b - Conjure Flame         Conj/Fire      ##......     17%         3    N/A

Dungeon Overview and Level Annotations

Branches:
Dungeon (4/15)
 Temple: D:4-7

Altars:
Okawaru
Sif Muna

Annotations:
D:3 Ijyb, Terence


Innate Abilities, Weirdness & Mutations

You do not eat or drink.
Your flesh is vulnerable to fire.
Your flesh is cold resistant.
You are immune to negative energy.
Your system is resistant to poisons.
You are immune to unholy pain and torment.
You can survive without breathing.


Message History

The flame tongue hits the iguana.
The iguana is moderately wounded.
The iguana misses you.
Casting: Flame Tongue
Confirm with . or Enter, or press ? or * to list all spells.
Aiming: Flame Tongue
Press: ? - help, Shift-Dir - straight line, f/p - iguana
Aim: an iguana (moderately wounded)
The flame tongue hits the iguana.
The iguana appears unharmed.
The iguana is moderately wounded.
The iguana bites you!
Casting: Flame Tongue
Confirm with . or Enter, or press ? or * to list all spells.
Aiming: Flame Tongue
Press: ? - help, Shift-Dir - straight line, f/p - iguana
Aim: an iguana (moderately wounded)
The flame tongue hits the iguana.
The iguana appears unharmed.
The iguana is moderately wounded.
The iguana bites you!
You die...

....#.#
###.#.##############
#.#..............#
#.##############.#
..#<...#.....# #.#
[#######.#.###.# #.#
.......#.#.# #.# #.##
######.#.#÷###.###..##
................@#...#
..........#####l####.#
..........'#≈≈≈.≈≈≈#.#
..........##≈≈...≈≈#.#
...........#≈..#..≈#.#
...........'..###..'.#
..........##≈..#..≈###
..........##≈≈...≈≈#
..........##≈≈≈.≈≈≈#


You could see an iguana.

Vanquished Creatures
  A scorpion (D:3)
  A centaur skeleton (D:4)
  An orc priest (D:3)
  A giant mite (D:1)
  4 adders
  2 worms
  3 giant geckos
  3 orcs (D:3)
  2 ball pythons
  4 bats
  A bat skeleton (D:4)
  A giant cockroach (D:3)
  5 goblins
  5 hobgoblins
  9 jackals
  2 giant newts
  7 kobolds
  9 rats
61 creatures vanquished.

Notes
Turn   | Place    | Note
--------------------------------------------------------------
     0 | D:1      | Minkie, the Mummy Fire Elementalist, began the quest for the Orb.
     0 | D:1      | Reached XP level 1. HP: 13/13 MP: 3/3
   101 | D:1      | Reached skill level 1 in Conjurations
   239 | D:1      | Reached XP level 2. HP: 19/19 MP: 0/4
   926 | D:2      | Reached XP level 3. HP: 13/24 MP: 1/6
   935 | D:2      | Reached skill level 3 in Fire Magic
  1920 | D:2      | Reached XP level 4. HP: 30/30 MP: 5/7
  2170 | D:3      | Found a deep blue altar of Sif Muna.
  2175 | D:3      | Noticed Ijyb
  2523 | D:3      | Found an iron altar of Okawaru.
  2527 | D:3      | Became a worshipper of Sif Muna the Loreminder
  3181 | D:3      | Reached XP level 5. HP: 23/35 MP: 0/9
  3303 | D:3      | Noticed Terence
  3311 | D:3      | Learned a level 3 spell: Conjure Flame
  3368 | D:4      | Reached skill level 4 in Fire Magic
  3494 | D:3      | Slain by an iguana

Action                   |  1- 3 |  4- 6 || total
-------------------------+-------+-------++-------
Melee: Whip              |     3 |       ||     3
       Spear             |    27 |       ||    27
       Short sword       |     4 |    10 ||    14
Throw: Javelin           |       |     1 ||     1
 Cast: Flame Tongue      |    55 |    63 ||   118
 Stab: Sleeping          |     2 |       ||     2
